Cogmind - Beta 12 @@@ ROGUE MODE // 2024.02.11 @ 14:27:10 // Winter2019/RPGLIKE Player: Luminiferous Result: Destroyed by G-47 Trooper with Particle Gun Performance ------------- Evolutions (2) 1000 Regions Visited (5) 1000 Robots Destroyed (18) 90 Value Destroyed (501) 501 Prototype IDs (25) 500 Alien Tech Used (0) 0 Bonus (439) 439 TOTAL SCORE: 3530 Bonus ------- Follower Combat Kills 139 Aligned with FarCom 300 Cogmind --------- Core Integrity 0/600 Matter 214/300 Energy 125/125 System Corruption 0% Temperature Warning (391) Movement Flying (34) Location -8/Materials Parts ------- > --- POWER (2) -------- Light Ion Engine > --- PROPULSION (4) --- Improved Flight Unit Improved Flight Unit Improved Flight Unit > --- UTILITY (4) ------ Utility Shielding Improved Utility Shielding > --- WEAPON (2) ------- Medium Laser Battle Cannon > --- INVENTORY (3) ---- Light Deuterium Engine ECM Suite Rocket Launcher Peak State ------------ > --- POWER ------------ Ion Engine > --- PROPULSION ------- Improved Flight Unit Improved Flight Unit Improved Flight Unit > --- UTILITY ---------- Decoy Drone Bay > --- WEAPON ----------- Medium Laser Light Cannon > --- INVENTORY -------- Protomatter ECM Suite Utility Shielding [Rating: 26] Favorites ----------- Power Ion Engine Engine Ion Engine Propulsion Improved Flight Unit Leg Aluminum Leg Wheel Wheel Flight Unit Improved Flight Unit Utility Utility Shielding Device Decoy Drone Bay Processor Signal Interpreter Protection Utility Shielding Weapon Medium Laser Energy Gun Medium Laser Ballistic Gun Light Assault Rifle Ballistic Cannon Battle Cannon Launcher Rocket Launcher Special Weapon Mining Laser Build | -11 -10 -10 -10 -9 -8 ------- Run | Jun Mat Min Exi Min Mat Slots Evolved 8 | 3 1 . . . 4 Power 1 | . . . . . 1 Propulsion 3 | 1 1 . . . 1 Utility 3 | 1 . . . . 2 Weapon 1 | 1 . . . . . Parts Attached 28 | 4 14 5 . . 5 Power 2 | . . 1 . . 1 Engine 2 | . . 1 . . 1 Core . | . . . . . . Reactor . | . . . . . . Propulsion 6 | 2 4 . . . . Treads . | . . . . . . Leg . | . . . . . . Wheel 2 | 2 . . . . . Hover . | . . . . . . Flight 4 | . 4 . . . . Utility 8 | . 3 3 . . 2 Device 1 | . . 1 . . . Storage . | . . . . . . Processor 1 | . 1 . . . . Hackware . | . . . . . . Protection 6 | . 2 2 . . 2 Artifact . | . . . . . . Weapon 12 | 2 7 1 . . 2 Energy Gun 5 | 1 4 . . . . Energy Cannon . | . . . . . . Ballistic Gun 1 | 1 . . . . . Ballistic Cannon 3 | . 1 1 . . 1 Launcher 1 | . . . . . 1 Special Weapon 2 | . 2 . . . . Impact Weapon . | . . . . . . Slashing Weapon . | . . . . . . Piercing Weapon . | . . . . . . Special Melee Weapon . | . . . . . . Unidentified Prototypes 3 | . 1 1 1 . . Parts Lost 1 | . . . . . 1 Power . | . . . . . . Propulsion . | . . . . . . Utility 1 | . . . . . 1 Weapon . | . . . . . . Highest Loss Streak 1 | . . . . . 1 To Critical Strikes . | . . . . . . Average Slot Usage (%) 81 | . 76 95 92 87 69 Engine 12 | . 13 12 12 12 8 Wheel 5 | . 12 . . . . Flight 25 | . 16 37 37 37 25 Processor 4 | . 7 5 . . . Protection 8 | . . 14 17 12 18 Energy Gun 12 | . 14 12 12 12 8 Ballistic Gun 2 | . 4 . . . . Ballistic Cannon 8 | . 6 12 12 12 7 Naked Turns . | . . . . . . Heaviest Build 15 | 8 13 13 12 9 15 Greatest Support 26 | 26 26 15 15 15 15 Greatest Overweight (x) 2 | 2 . . . . . Average Overweight (x) . | . . . . . . Largest Inventory Capacity 3 | 3 3 3 3 3 3 Average Capacity 3 | 3 3 3 3 3 3 Most Carried 3 | 2 3 3 3 3 3 Average Carried 2 | . 2 2 2 3 2 Final Capacity 3 | 3 3 3 3 3 3 Final Carried 3 | 1 2 2 3 3 3 Class Distribution -------------------- 100% | Mutant Dominant Class ---------------- Mutant | -10/Materials Mutant | -10/Mines Mutant | -10/Exiles Mutant | -9/Mines Mutant | -8/Materials Resources | -11 -10 -10 -10 -9 -8 ----------- Run | Jun Mat Min Exi Min Mat Matter Collected 600 | 240 184 136 . 10 30 Remotely . | . . . . . . Salvage Created 427 | . 222 37 . . 168 Parts 20 | . 16 . . . 4 Haulers Intercepted . | . . . . . . Recyclers Shooed . | . . . . . . Parts Field Recycled . | . . . . . . Retrieved Matter . | . . . . . . Parts Self-Destructed . | . . . . . . Prevented . | . . . . . . Kills | -11 -10 -10 -10 -9 -8 ------- Run | Jun Mat Min Exi Min Mat Combat Hostiles Destroyed 19 | . 10 5 . . 4 Guns 11 | . 8 2 . . 1 Cannons 7 | . 2 3 . . 2 AOE 1 | . . . . . 1 Classes Destroyed 5 | . 4 1 . . . Operator 1 | . 1 . . . . Watcher 3 | . 3 . . . . Swarmer 6 | . 6 . . . . Grunt 8 | . 4 . . . 4 Assembled 5 | . . 5 . . . Best Kill Streak 3 | . 3 3 . . 2 Combat Bots Only 3 | . 3 3 . . 2 Max Kills in Single Turn 2 | . 2 1 . . 1 Gunslinging . | . . . . . . Exploded 1 | . . . . . 1 Melee . | . . . . . . Uniques/NPCs Destroyed . | . . . . . . Combat | -11 -10 -10 -10 -9 -8 -------- Run | Jun Mat Min Exi Min Mat Damage Taken 1157 | . 639 246 . . 272 Core 906 | . 549 162 . . 195 Absorbed by Shields . | . . . . . . Redirected to Core 599 | . 304 114 . . 181 Regen/Repaired (Parts) 30 | . 30 . . . . Core Remaining (%) 65 | 100 . . . 31 . Volleys Fired 62 | . 36 13 . . 13 Largest 2 | . 2 2 . . 2 Hottest 89 | . 85 85 . . 89 Shots Fired 124 | . 72 26 . . 26 Gun 84 | . 58 13 . . 13 Cannon 39 | . 14 13 . . 12 Launcher 1 | . . . . . 1 Special . | . . . . . . Kinetic 61 | . 36 13 . . 12 Thermal 62 | . 36 13 . . 13 Explosive 1 | . . . . . 1 Electromagnetic . | . . . . . . Robot Hit Streak 6 | . 6 3 . . 6 Robot Miss Streak 3 | . 3 3 . . 3 Penetration Max . | . . . . . . Secondary Targets 1 | . 1 . . . . Max Gunslinging Chain 1 | . 1 . . . . Shots Hit Robots 67 | . 40 12 . . 15 Core Hits 40 | . 20 10 . . 10 Critical Kills . | . . . . . . Critical Parts Destroyed . | . . . . . . Critical Strikes 7 | . 3 2 . . 2 Burn 4 | . 2 2 . . . Blast 3 | . 1 . . . 2 Melee Attacks . | . . . . . . Impact . | . . . . . . Slashing . | . . . . . . Piercing . | . . . . . . Sneak Attacks . | . . . . . . Combat Hostiles . | . . . . . . Follow-up Attacks . | . . . . . . Damage Inflicted 1194 | . 669 167 . . 358 Guns 606 | . 417 90 . . 99 Cannons 358 | . 123 77 . . 158 Explosions 230 | . 129 . . . 101 Melee . | . . . . . . Ramming . | . . . . . . Kinetic 478 | . 243 77 . . 158 Thermal 615 | . 426 90 . . 99 Explosive 101 | . . . . . 101 Electromagnetic . | . . . . . . Impact . | . . . . . . Slashing . | . . . . . . Piercing . | . . . . . . Highest Corruption . | . . . . . . Average Corruption . | . . . . . . Corruption Purged . | . . . . . . Corruption Blocked . | . . . . . . Overload Shots . | . . . . . . Overflow Damage 84 | . 84 . . . . Projectiles . | . . . . . . Explosions 84 | . 84 . . . . Melee . | . . . . . . Knockbacks 6 | . 2 1 . . 3 Impact . | . . . . . . Kinetic 6 | . 2 1 . . 3 Secondary . | . . . . . . Self-Inflicted Damage 213 | . 213 . . . . Shots 2 | . 2 . . . . Rammed . | . . . . . . Targets Rammed . | . . . . . . Kicked . | . . . . . . Crushed . | . . . . . . Highest Temperature 385 | . 385 378 . . 382 Average Temperature 126 | . 107 152 . . 130 Received Heat Transfer 368 | . 195 20 . . 153 Effects 5 | . 1 1 . . 3 Energy Bleed 2 | . . 1 . . 1 Interference 3 | . 1 . . . 2 Siege Activations . | . . . . . . Robots Corrupted . | . . . . . . Combat Hostiles . | . . . . . . Parts Fried . | . . . . . . Impact Corruptions . | . . . . . . Robots Melted . | . . . . . . Combat Hostiles . | . . . . . . Parts Melted 2 | . 2 . . . . Heat Transferred 1839 | . 1136 407 . . 296 Parts Sabotaged . | . . . . . . Parts Stolen . | . . . . . . Parts Stripped . | . . . . . . Power Chain Reactions . | . . . . . . Missiles Intercepted . | . . . . . . Alert | -11 -10 -10 -10 -9 -8 ------- Run | Jun Mat Min Exi Min Mat Peak Influence 293 | . 293 114 . 81 192 Initial 114 | . . 114 . . 31 Average 127 | . 184 114 . 15 103 Maximum Alert Level 1 | . 1 . . . . Low Security (%) 72 | 100 40 100 . 100 100 Level 1 27 | . 59 . . . . Level 2 . | . . . . . . Level 3 . | . . . . . . Level 4 . | . . . . . . Level 5 . | . . . . . . High Security . | . . . . . . Max Security . | . . . . . . Squads Dispatched 3 | . 1 . . . 2 Investigation 1 | . . . . . 1 Extermination . | . . . . . . Reinforcement 1 | . 1 . . . . Assault . | . . . . . . Garrison 1 | . . . . . 1 Intercept . | . . . . . . Searches Triggered . | . . . . . . Construction Impeded . | . . . . . . Haulers Reinforced . | . . . . . . Active Scanning Responses . | . . . . . . Cargo Convoy Interrupts . | . . . . . . Stealth | -11 -10 -10 -10 -9 -8 --------- Run | Jun Mat Min Exi Min Mat Distress Signals 3 | . 2 1 . . . Communications Jammed . | . . . . . . Distress Signals . | . . . . . . Times Spotted 42 | . 19 17 . . 6 Peak Tracking Total 10 | . 5 10 . . 3 Tactical Retreats 4 | . 1 3 . . . Traps | -11 -10 -10 -10 -9 -8 ------- Run | Jun Mat Min Exi Min Mat Traps Triggered 2 | . 1 . . . 1 Indirectly . | . . . . . . Trap Hack Attempts . | . . . . . . Triggered . | . . . . . . Disarmed . | . . . . . . Reprogrammed . | . . . . . . Reused . | . . . . . . Traps Extracted . | . . . . . . Installed . | . . . . . . Triggered . | . . . . . . Machines | -11 -10 -10 -10 -9 -8 ---------- Run | Jun Mat Min Exi Min Mat Machines Disabled 4 | . 4 . . . . Max in Single Turn 2 | . 2 . . . . Machines Repaired . | . . . . . . Machines Sabotaged . | . . . . . . Overloaded Fab Kills . | . . . . . . Hacking | -11 -10 -10 -10 -9 -8 --------- Run | Jun Mat Min Exi Min Mat Machines Accessed 11 | . 6 1 2 . 2 Terminals 6 | . 5 . . . 1 Fabricators . | . . . . . . Repair Stations 1 | . 1 . . . . Recycling Units . | . . . . . . Scanalyzers . | . . . . . . Garrison Access 1 | . . . . . 1 Total Hacks 25 | . 17 1 2 . 5 Successful 13 | . 7 1 2 . 3 Failed 12 | . 10 . . . 2 Catastrophic 4 | . 3 . . . 1 Database Lockouts . | . . . . . . Manual 20 | . 15 . 1 . 4 Terminals 19 | . 15 . . . 4 Fabricators . | . . . . . . Repair Stations 2 | . 2 . . . . Recycling Units . | . . . . . . Scanalyzers . | . . . . . . Garrison Access 1 | . . . . . 1 Terminal Hacks 5 | . 1 1 2 . 1 Record 1 | . . . 1 . . Open Door 1 | . . 1 . . . Terminal Index 1 | . . . . . 1 Hauler Manifests 1 | . 1 . . . . EX-Prototype ID Bank 1 | . . . 1 . . Fabricator Hacks . | . . . . . . Repair Station Hacks 2 | . 2 . . . . Scan Component 1 | . 1 . . . . Repair 1 | . 1 . . . . Recycling Unit Hacks . | . . . . . . Scanalyzer . | . . . . . . Garrison Access Hacks 1 | . . . . . 1 Unlock Access 1 | . . . . . 1 Unauthorized Hacks 5 | . 4 . . . 1 Terminals 5 | . 4 . . . 1 Botnet 5 | . 4 . . . 1 Fabricators . | . . . . . . Repair Stations . | . . . . . . Recycling Units . | . . . . . . Scanalyzers . | . . . . . . Garrison Access . | . . . . . . Data Cores Recovered 1 | . 1 . . . . Used . | . . . . . . Hacking Detections 7 | . 6 . . . 1 Full Trace Events . | . . . . . . Feedback Events . | . . . . . . Feedback Blocked . | . . . . . . Robot Schematics Acquired . | . . . . . . Robots Built . | . . . . . . Authchips . | . . . . . . Time . | . . . . . . Total Robot Build Rating . | . . . . . . Part Schematics Acquired . | . . . . . . Parts Built . | . . . . . . Authchips . | . . . . . . Time . | . . . . . . Total Part Build Rating . | . . . . . . Parts Repaired 1 | . 1 . . . . Time 26 | . 26 . . . . Parts Recycled . | . . . . . . Recycled Matter . | . . . . . . Retrieved Matter . | . . . . . . Retrieved Components . | . . . . . . Parts Scanalyzed . | . . . . . . Part Schematics Acquired . | . . . . . . Parts Damaged . | . . . . . . Bothacking | -11 -10 -10 -10 -9 -8 ------------ Run | Jun Mat Min Exi Min Mat Used RIF Installer . | . . . . . . Robots Hacked . | . . . . . . Non-combat . | . . . . . . Combat . | . . . . . . Robot Hacks Applied . | . . . . . . Relay Couplers Released . | . . . . . . Fabnet Peak Effective % . | . . . . . . Robots Rewired . | . . . . . . Allies Hacked . | . . . . . . Hacks Repelled . | . . . . . . Allies | -11 -10 -10 -10 -9 -8 -------- Run | Jun Mat Min Exi Min Mat Total Allies 3 | . . . . 3 . Largest Group 3 | . . . . 3 3 Highest-Rated Group 40 | . . . . 40 40 Highest-Rated Ally 16 | . . . . 16 16 Total Orders . | . . . . . . Ally Attacks 28 | . . . . 15 13 Total Damage 284 | . . . . 160 124 Kills 7 | . . . . 3 4 Allies Corrupted . | . . . . . . Allies Melted . | . . . . . . Intel | -11 -10 -10 -10 -9 -8 ------- Run | Jun Mat Min Exi Min Mat Robot Analysis Total . | . . . . . . Derelict Logs Recovered 4 | . . 3 . 1 . Drone Launches . | . . . . . . Drone Recoveries . | . . . . . . Exploration | -11 -10 -10 -10 -9 -8 ------------- Run | Jun Mat Min Exi Min Mat Turns Passed 1320 | 33 562 240 98 173 214 Spaces Moved 1980 | 19 667 498 286 245 265 Core 3 | 3 . . . . . Treads . | . . . . . . Legs 1 | 1 . . . . . Wheels 183 | 15 168 . . . . Hover . | . . . . . . Flight 1793 | . 499 498 286 245 265 Fastest Speed 34 | 90 34 34 34 34 34 Average Speed 40 | 101 50 34 34 34 34 Slowest Speed 150 | 150 90 34 34 34 34 Overloaded Moves . | . . . . . . Propulsion Burnouts . | . . . . . . Robots Hopped 10 | . . 4 . 2 4 Cave-ins Triggered . | . . . . . . Time Travels 1 | . . . 1 . . Exploration Rate (%) 51 | 2 99 82 61 41 24 Regions Visited 5 Branch Regions 3 Pre-discovered Areas 2 | . . . 1 1 . Known Exits Taken 3 | . 1 1 1 . . Unknown Exits Taken 2 | 1 . . . 1 . Scrap Searched 1 | . . 1 . . . Spaces Dug . | . . . . . . Terrain Destroyed 71 | . 69 . . . 2 Melee . | . . . . . . Projectile 1 | . . . . . 1 AOE 70 | . 69 . . . 1 Terrain Rammed . | . . . . . . Walls Destroyed . | . . . . . . Machines Disabled . | . . . . . . Actions | -11 -10 -10 -10 -9 -8 --------- Run | Jun Mat Min Exi Min Mat Total 2376 | 34 825 539 286 332 360 Wait 267 | 3 82 18 . 90 74 Move 1956 | 18 666 489 285 240 258 Hop 9 | . . 4 . 2 3 Pick Up 15 | 6 5 2 . . 2 Fast Attach 14 | . 8 3 . . 3 Attach 9 | 4 2 1 . . 2 Detach 4 | . 1 . 1 . 2 Swap 5 | . 4 1 . . . Drop 20 | 3 8 6 . . 3 Fire 62 | . 36 13 . . 13 Melee . | . . . . . . Ram . | . . . . . . Kick . | . . . . . . Crush . | . . . . . . Escape Stasis . | . . . . . . Rewire . | . . . . . . Trap . | . . . . . . Miscellaneous 15 | . 13 2 . . . Route ------- -11/Junkyard -10/Materials (discovered 4 exits: [*Mat x3] / *Min) -10/Mines (discovered 2 exits: [*Mat] / *Exi) -10/Exiles (discovered 2 exits: *Min x2) -9/Mines -8/Materials (discovered 3 exits: [*Fac] / [*Sto] / Gar) History --------- Turn | Location | Event 1 | -11/Junkyard | Upgraded with Propulsion slot (x1) 1 | -11/Junkyard | Upgraded with Utility slot (x1) 1 | -11/Junkyard | Upgraded with Weapon slot (x1) 1 | -11/Junkyard | Discovered new exit (range 1) 34 | -11/Junkyard | Entered Materials 149 | -10/Materials | Core integrity fell below 50% 308 | -10/Materials | Build established: Mutant 309 | -10/Materials | Discovered new exit (range 9) 329 | -10/Materials | Discovered new exit (range 6) 331 | -10/Materials | Identified exit to Mines 385 | -10/Materials | Discovered new exit (range 16) 417 | -10/Materials | Repaired Med. Laser 561 | -10/Materials | Discovered new exit (range 3) 563 | -10/Materials | Reached level 2 569 | -10/Materials | Upgraded with Propulsion slot (x1) 596 | -10/Materials | Entered Mines 603 | -10/Mines | Assembled infested the area 693 | -10/Mines | Learned Materials stockpile data 705 | -10/Mines | Found the Drone Emporium 707 | -10/Mines | Found Prototype Device 707 | -10/Mines | Identified Decoy Drone Bay 775 | -10/Mines | A weapon hastily lodged in a ceiling crevice suddenly fell to the ground 804 | -10/Mines | Identified exit to Exiles 811 | -10/Mines | Discovered new exit (range 5) 834 | -10/Mines | Deemed a non-threat by the Exiles lab entrance 836 | -10/Mines | Entered Exiles 837 | -10/Exiles | Identified exit to Mines 845 | -10/Exiles | Met 8R-AWN 851 | -10/Exiles | Met EX-HEX 861 | -10/Exiles | Met EX-BIN 864 | -10/Exiles | Aligned with FarCom system 865 | -10/Exiles | Given EX-Vault access code 875 | -10/Exiles | Opened EX-Vault 877 | -10/Exiles | Found Prototype Device 877 | -10/Exiles | Identified Chronowheel 877 | -10/Exiles | Activated Chronowheel 877 | -10/Exiles | Spacetime reconverged on an earlier point 884 | -10/Exiles | Warned to stay clear of 0b10 Research branches 917 | -10/Exiles | Met EX-DEC 920 | -10/Exiles | Learned location of Zion (-6) 934 | -10/Exiles | Entered Mines 980 | -9/Mines | Assisted by bots powering up and referring to "LRC-V3" 1026 | -9/Mines | Found a hidden stash of uninstalled traps 1067 | -9/Mines | Reached level 3 1086 | -9/Mines | Discovered new exit (range 8) 1107 | -9/Mines | Entered Materials 1107 | -8/Materials | Accompanied by 3 allies 1108 | -8/Materials | Core integrity fell below 50% 1109 | -8/Materials | Reached level 4 1110 | -8/Materials | Upgraded with Power slot (x1) 1110 | -8/Materials | Upgraded with Propulsion slot (x1) 1110 | -8/Materials | Upgraded with Utility slot (x2) 1134 | -8/Materials | Discovered new exit (range 15) 1170 | -8/Materials | Identified exit to Garrison 1187 | -8/Materials | Garrison activated, responded to threat 1249 | -8/Materials | Discovered new exit (range 15) 1300 | -8/Materials | Core integrity fell below 20% 1321 | -8/Materials | Destroyed by G-47 Trooper with Particle Gun Last Messages --------------- 01272_ Triggered Alarm Trap. 01272_ An alarm sounds. 01272_ ALERT: Alarm triggered, dispatching investigation squad. 01280_ Dropped Battle Cannon. 01281_ Acquired Rocket Launcher. 01288_ G-47 Trooper destroyed. 01292_ Dropped Lgt. Cannon. 01293_ Acquired Battle Cannon. 01301_ G-47 Trooper Aluminum Leg blasted off. 01301_ Lgt. Armor Plating destroyed. 01304_ G-47 Trooper knocked back. 01307_ G-47 Trooper Imp. Heat Sink blasted off. 01307_ G-47 Trooper knocked back. 01309_ Overheating: Energy bleed (-20). 01309_ K-01 Serf collects debris. 01310_ G-47 Trooper destroyed. 01313_ K-01 Serf collects debris. 01321_ Overheating: System interference. 01321_ Med. Laser temporarily disabled. 01321_ Battle Cannon temporarily disabled. Map ----- +----------------------------------------------------+ | | | | | ??????????????????????????????????????????? | | ??????????????????????????????????????????? | | ??????????????????????????????########????? | | ??????????????????????????????# #????? | | ??????????????????????????????# [[ #????? | | ??????????????????????????????# [! #????? | | ??????????????????????????????# [! ###### | | ??????????????????????????????# ## | | ??????????????????????????????# ## | | ????????????????##################+#### | | ????????????????# # | | ????????????????# < + | | ????????????????# # | | ????????????????##### ########### # | | ????????????????????# # # # | | ????????????????????# # # ##### | | ????????????????????# r k # ##### | | ???################## # # # | | ???# # ! ########### # | | ???# """ # ##????????# # | | ???# """ # = #?######## #[ "T | | ???# """ ! # ! #?# # #% "" | | ???# + ! #?# # "% % | | ???# """ # @ #?# + ###+# | | ???# """ # [ #?# # | | ???# """ # %=! ####?# # | | ???# ; %%g #????# # | | ???############+## ## #????################ | | ???????????#] ### #???????????????????? | | ???????????# !#?# #???????????????????? | | ???????????# #?# #???????????????????? | | ???????????# " "" #?# #???????????????????? | | ???????????# "R"" #?? #???????????????????? | | ???????????# """" #?? #???????????????????? | | ???????????########?? ????????????????????? | | ????????????????????? ????????????????????? | | ??????????????????????????????????????????? | | ??????????????????????????????????????????? | | ??????????????????????????????????????????? | | ??????????????????????????????????????????? | | ??????????????????????????????????????????? | | ??????????????????????????????????????????? | | ??????????????????????????????????????????? | | ??????????????????????????????????????????? | | ??????????????????????????????????????????? | | ??????????????????????????????????????????? | | ??????????????????????????????????????????? | | ??????????????????????????????????????????? | +----------------------------------------------------+ Best States ------------- Heat Dissipation 25 Energy Generation 10 Energy Capacity 250 Matter Stores 300 Matter Capacity 300 Sight Range 16 Terrain Scan Density 10 Armor Coverage 150 Utility Shielding 66 Evasion (%) 63 Item Schematics ----------------- None Robot Schematics ------------------ None Fabricated ------------ Nothing Alien Tech Used ----------------- None Achievements -------------- None Challenges ------------ None RPGLIKE | -11 -10 -10 -10 -9 -8 --------- Run | Jun Mat Min Exi Min Mat Levels Raised 3 | . 1 . . 1 1 XP Earned 8916 | 3000 1555 500 350 946 2565 XP Spent 7300 | 3000 800 . . . 3500 Upgrades 11 | 6 1 . . . 4 Power Slot 1 | . . . . . 1 Propulsion Slot 3 | 1 1 . . . 1 Utility Slot 3 | 1 . . . . 2 Weapon Slot 1 | 1 . . . . . Inventory Capacity 3 | 3 . . . . . Protomatter Created 143 | . 89 10 . . 44 Integrity Restored 297 | . 267 30 . . . Core 297 | . 267 30 . . . Protomatter Decayed 62 | . . . . . 62 Game ------ Seed KineticCatalystArchive Manual? 0 Play Time 00:20:00 Cumulative 33.6 hours Start 2024.02.11 @ 14:09:48 End 2024.02.11 @ 14:27:10 Sessions 1 Manual Loads 0 Difficulty Rogue Special Mode Winter2019/RPGLIKE Game No. 64 Rogue 64 Adventurer 0 Explorer 0 Win Type - Total 1 Types 1/0/0/0/0/0/0/0/0 Lore% 28 Gallery% 40 Achievement% 34 Wizard Run 0 Options --------- ASCII 0 Keyboard 0 Movement Mouse Keybinds 1 Fullscreen 2 Font 18/SmallcapsGlow Map View 76x50 Tactical HUD 1 Map Filters NONE Filters BRIGHTNESS(100) Steam 1 RUN: 6e539820-b1e2-4eab-8071-999272499c7d